 Dungeon Crawl Stone Soup version 0.32-a0-485-g70f7560b1c (webtiles) character file.

Game seed: 5662724535382181298

2209 gimp the Trooper (level 9, -12/50 HPs)
             Began as a Vine Stalker Shapeshifter on Feb 26, 2024.
             Mangled by a hornet (14 damage)
             ... on level 7 of the Dungeon.
             The game lasted 00:11:41 (5455 turns).

gimp the Trooper (Vine Stalker Shapeshifter)        Turns: 5455, Time: 00:11:42

Health: -12/50     AC:  4    Str: 17    XL:     9   Next: 34%
Magic:  0/10       EV: 19    Int: 10    God:
Gold:   144        SH:  0    Dex: 18    Spells: 8/8 levels left

rFire   + .          .
                       - Unarmed
rCold   . . .        (no shield)
rNeg    . . .        I - +1 leather armour {rF+}
rPois   .            a - melded +0 helmet
rElec   .            (cloak currently unavailable)
rCorr   .            m - melded +0 pair of gloves
SInv    .            (boots currently unavailable)
Will    ++...        (no amulet)
Stlth   +            q - ring of willpower
HPRegen 1.08/turn    z - +5 ring of evasion
MPRegen 0.12/turn

%: guardian spirit
@: lethally poisoned (-12 -> -12), beast-form, slowed, very slow
A: beast (slay +2), fangs 3, regeneration 1, magic shield, antimagic bite, no
potion heal 2
a: Begin Untransformation


You were on level 7 of the Dungeon.
You were a hulking beast.
You visited 1 branch of the dungeon, and saw 7 of its levels.

You collected 584 gold pieces.
You spent 440 gold pieces at shops.

Inventory:

Armour
 a - a +0 helmet (melded)
 m - a +0 pair of gloves (melded)
 I - a +1 leather armour of fire resistance (worn)
Jewellery
 l - an amulet of faith
 q - a ring of willpower (left hand)
 z - a +5 ring of evasion (right hand)
 K - a ring of flight
 L - a ring of fire
Talismans
 c - a beast talisman (active)
 d - a flux talisman
Wands
 w - a wand of flame (30)
Scrolls
 j - a scroll of amnesia {unknown}
 k - 2 scrolls of noise {unknown}
 p - 6 scrolls of teleportation
 r - a scroll of fog {unknown}
 s - a scroll of enchant weapon {unknown}
 v - 3 scrolls of enchant armour {unknown}
 x - a scroll of fear {unknown}
 y - 3 scrolls of blinking
 B - a scroll of poison {unknown}
 C - 2 scrolls of brand weapon {unknown}
 D - 2 scrolls of immolation {unknown}
 E - a scroll of torment {unknown}
 G - a scroll of silence {unknown}
Potions
 b - 2 potions of lignification
 e - 4 potions of enlightenment
 f - 3 potions of curing
 g - a potion of mutation
 h - 2 potions of might
 i - 2 potions of ambrosia
 o - a potion of brilliance
 u - a potion of resistance
 A - 2 potions of haste
 H - 2 potions of berserk rage {unknown}
 J - 2 potions of cancellation


   Skills:
 - Level 7.0 Fighting
 + Level 5.4 Dodging
 + Level 7.0 Unarmed Combat
 + Level 4.1 Shapeshifting


You had 8 spell levels left.
You didn't know any spells.
Your spell library contained the following spells:

 Spells                   Type           Power      Damage    Failure   Level
 Shock                    Conj/Air       0%         1d3       43%         1
 Cigotuvi's Dreadful Rot  Necr/Alch/Air  0%         N/A       56%         2
 Ensorcelled Hibernation  Hex/Ice        0%         N/A       56%         2
 Lesser Beckoning         Tloc           0%         N/A       56%         2
 Call Canine Familiar     Summ           0%         N/A       80%         3
 Fugue of the Fallen      Necr           0%         N/A       80%         3
 Gell's Gravitas          Tloc           0%         N/A       80%         3
 Ozocubu's Armour         Ice            0%         N/A       80%         3
 Passwall                 Erth           0%         N/A       80%         3
 Sigil of Binding         Hex            0%         N/A       80%         3
 Swiftness                Air            0%         N/A       80%         3
 Teleport Other           Tloc           0%         N/A       80%         3
 Volatile Blastmotes      Fire/Tloc      0%         2d10      80%         3
 Airstrike                Air            0%         2d(0-16)  99%         4
 Dimensional Bullseye     Hex/Tloc       0%         N/A       99%         4
 Dispel Undead            Necr           0%         3d6       99%         4
 Fulminant Prism          Conj/Alch      0%         3d5       99%         4
 Iskenderun's Mystic Bla  Conj/Tloc      0%         2d3       99%         4
 Manifold Assault         Tloc           0%         N/A       99%         4
 Martyr's Knell           Necr/Summ      0%         N/A       99%         4
 Death Channel            Necr           0%         N/A       100%        6


Dungeon Overview and Level Annotations

Branches:
Dungeon (7/15)
 Temple: D:4-7

Altars:
Elyvilon
Vehumet
Yredelemnul

Shops:
D:1 (!   D:4 ?   D:7 (!?

Annotations:
D:6 2 transporters, javelincjr's ghost, novice DsMo


Innate Abilities, Weirdness & Mutations

You are a hulking beast.
Your limbs bulge with bestial killing power. (Slay +2)
You have razor-sharp teeth.
Your natural rate of healing is unusually fast.
When hurt, damage is shared between your health and your magic reserves.
Your bite disrupts and absorbs the magic of your enemies.
Potions cannot restore your health.


Message History

You can access your shopping list by pressing '$'.
You now have 121 gold pieces (gained 18).
You now have 137 gold pieces (gained 16).
You reach down and open the door.
Found a long sword.
There is an open door here.
You now have enough gold to buy a potion of haste on D:1.
You can access your shopping list by pressing '$'.
You now have 144 gold pieces (gained 7).
z - a scroll of identify
As you read the scroll of identify, it crumbles to dust.
n - 3 potions of heal wounds
z - a +5 ring of evasion You drop 3 potions of heal wounds.
A - 2 potions of haste (gained 1)
You reach down and open the door.
Found a spear and a potion of heal wounds.
You're wearing all the rings you can.
Remove which one? (? for menu, Esc to cancel) < or
q - a ring of willpower; > or
K - a ring of flight You remove your ring of flight.
You float gracefully downwards.
z - a +5 ring of evasion (right hand)
There is an open door here.
Found an escape hatch in the floor.
An orc wizard and an orc come into view.
Found a silver wand.
The orc wizard shouts!
There are monsters nearby! 2 orcs come into view.
The orc shouts! x3
A hornet comes into view.
The orc wizard mumbles some strange words.
The orc wizard flickers and vanishes!
Deactivating autopickup; reactivate with Ctrl-A.
The hornet buzzes angrily.
Something hits you but does no damage. The orc closely misses you.
You punch the orc! You bite the orc.
You kill the orc!
You hear some strange, mumbled words.
A puff of flame appears from out of thin air!
The puff of flame hits you. You resist.
You take 4 damage, and have 46/50 hp.
You now have 9/10 mp.
Aiming: Charm
Press: ? - help, Shift-Dir - straight line, f - orc
Aim: an orc, wielding a +0 whip and wearing a +0 chain mail (chance to affect: 66%)
The orc is charmed.
The now-empty wand crumbles to dust.
Something hits you.
You now have 8/10 mp.
You hit something. Your bite misses something.
The orc hits your orc with a +0 flail.
You hit the hornet.
The hornet is lightly wounded.
The hornet stings you!
You feel yourself slow down.
Your orc misses the hornet. The orc barely misses your orc.
Something completely misses your orc.
You take 8 damage, and have 39/50 hp.
You now have 7/10 mp.
You punch the hornet! You bite the hornet! You drain its power.
You feel invigorated.
The hornet is heavily wounded.
You feel yourself speed up. The hornet stings you!
You feel yourself slow down.
Your orc barely misses the hornet.
The hornet closely misses you.
The orc hits your orc but does no damage.
Something hits your orc.
You take 10 damage, and have 29/50 hp.
You closely miss the hornet.
The hornet is heavily wounded.
The hornet stings you!
You are poisoned.
You feel as though you will be slow longer.
Your orc barely misses the hornet.
The orc barely misses your orc.
Something hits your orc but does no damage.
The hornet stings you!
* * * LOW HITPOINT WARNING * * *
You feel as though you will be slow longer.
You take 20 damage, and have 9/50 hp.
MASSIVE DAMAGE!!
You now have 2/10 mp.
You completely miss the hornet. Your bite misses the hornet.
The hornet is heavily wounded.
You feel very sick. The hornet completely misses you.
Your orc hits the hornet with a +0 whip.
The orc misses your orc. Something closely misses your orc.
The hornet barely misses you.
You take 2 damage, and have 7/50 hp.
Okay, then.
Unknown command.
Unknown command.
You hit the hornet but do no damage.
The hornet is severely wounded.
You feel sick.
Your orc barely misses the hornet.
Something barely misses your orc. The orc hits your orc with a +0 flail.
Your orc dies!
The hornet stings you!
* * * LOW HITPOINT WARNING * * *
You feel as though you will be slow longer.
The hornet misses you.
You take 5 damage, and have 2/50 hp.
You now have 0/10 mp.
You punch the hornet!
The hornet is almost dead.
You feel sick. The hornet closely misses you.
Something hits you but does no damage. The hornet stings you!
You die...

####### .......
########......#
#.............+
#.......{.....#
#......hyo./..#
#.......##+#############
#....>..# +..........
#.......# #..........
######.......# #..........
#.!...######## ##.........
#.....#.....########.........
#.....#............'.........
#.)...#............#...)))...


You could see a hornet and an orc.

Vanquished Creatures
  Grinder (D:4)
  Sigmund (D:4)
  Edmund (D:4)
  A phantom (D:7)
  A kobold brigand (D:6)
  A weeping skull (D:3)
  4 scorpions
  4 bullfrogs
  2 wights
  An electric eel (D:7)
  A bombardier beetle (D:4)
  3 hounds
  5 orc priests
  2 sleepcaps
  Natasha (thrice) (D:2)
  9 orc wizards
  3 adders
  7 gnolls
  2 white imps (D:6)
  3 ribbon worms
  3 dart slugs
  23 orcs
  7 ball pythons
  8 endoplasms
  2 giant cockroaches
  8 goblins
  5 hobgoblins
  8 jackals
  17 kobolds
  6 quokkas
  6 bats
  4 frilled lizards
  10 rats
  A spectral orc (D:3)
163 creatures vanquished.

Vanquished Creatures (others)
  A wight (D:6)
  An orc (D:7)
2 creatures vanquished.

Grand Total: 165 creatures vanquished

Notes
Turn   | Place    | Note
-------+----------+-------------------------------------------
     0 | D:1      | gimp the Vine Stalker Shapeshifter began the quest for the
                  | Orb.
     0 | D:1      | Reached XP level 1. HP: 9/9 MP: 2/2
     9 | D:1      | Reached skill level 1 in Fighting
    74 | D:1      | Found Tafadyac's Distillery.
    79 | D:1      | Reached XP level 2. HP: 14/14 MP: 3/3
   348 | D:1      | Reached XP level 3. HP: 18/18 MP: 4/4
   404 | D:1      | Found Tuytz's Weapon Emporium.
  1117 | D:2      | Reached XP level 4. HP: 16/23 MP: 3/5
  1659 | D:2      | Noticed Natasha
  1665 | D:2      | Killed Natasha
  1966 | D:2      | Noticed Natasha
  1980 | D:2      | Killed Natasha
  1981 | D:2      | Reached XP level 5. HP: 28/28 MP: 4/6
  2005 | D:2      | Noticed Natasha
  2016 | D:2      | Killed Natasha
  2211 | D:3      | Found a radiant altar of Vehumet.
  2249 | D:3      | Reached XP level 6. HP: 32/33 MP: 7/7
  2552 | D:3      | Found a basalt altar of Yredelemnul.
  2788 | D:4      | Reached XP level 7. HP: 38/38 MP: 8/8
  2946 | D:4      | Noticed Edmund
  3022 | D:4      | Found Vaschahoe's Magic Scroll Shoppe.
  3030 | D:4      | Bought a scroll of blinking for 105 gold pieces
  3030 | D:4      | Bought a scroll of identify for 28 gold pieces
  3030 | D:4      | Bought a scroll of teleportation for 42 gold pieces
  3030 | D:4      | Bought a scroll of identify for 28 gold pieces
  3207 | D:4      | Noticed Grinder
  3227 | D:4      | Killed Grinder
  3228 | D:4      | Reached skill level 5 in Fighting
  3228 | D:4      | Reached skill level 5 in Unarmed Combat
  3244 | D:4      | Noticed Sigmund
  3261 | D:4      | Killed Sigmund
  3262 | D:4      | Gained mutation: You have razor-sharp teeth. [Vine Stalker
                  | growth]
  3262 | D:4      | Reached XP level 8. HP: 40/44 MP: 9/9
  3590 | D:4      | Killed Edmund
  3638 | D:5      | Entered Level 5 of the Dungeon
  3801 | D:5      | Found a white marble altar of Elyvilon.
  4331 | D:6      | Found a transporter.
  4371 | D:6      | Found a transporter.
  4371 | D:6      | Noticed javelincjr's ghost (novice DsMo)
  4762 | D:6      | Reached XP level 9. HP: 23/47 MP: 2/10
  4821 | D:6      | Reached skill level 5 in Dodging
  5274 | D:7      | Found Vecoe's Magic Scroll Emporium.
  5276 | D:7      | Found Heuggenti's Antique Weapon Shop.
  5276 | D:7      | Found Nonwoudgh's Distillery.
  5282 | D:7      | Bought a scroll of blinking for 82 gold pieces
  5284 | D:7      | Bought a potion of curing for 45 gold pieces
  5295 | D:7      | Bought a scroll of teleportation for 33 gold pieces
  5295 | D:7      | Bought a scroll of identify for 22 gold pieces
  5295 | D:7      | Bought a scroll of teleportation for 33 gold pieces
  5295 | D:7      | Bought a scroll of identify for 22 gold pieces
  5444 | D:7      | Noticed a hornet
  5454 | D:7      | HP: 2/50 [hornet (5)]
  5455 | D:7      | Mangled by a hornet

Illustrated notes

Levels and vault maps discovered:
D:1:      onia_arrival_handbag, layout_loops_corners, serial_shops,
          nicolae_shop_industrial_runoff, shop
D:2:      layout_basic, grunt_decor_resistance, st_stairs_14, interstate_on_off,
          uniq_natasha
D:3:      layout_rooms, vehumet_altar_wand_db,
          yredelemnul_forgotten_temple_becter
D:4:      layout_cave_pods, serial_shops, nicolae_shop_pleasant_corner_grove,
          uniq_edmund, uniq_sigmund, uniq_grinder
D:5:      layout_gridville, marbit_many_paths, minmay_circle_x
D:6:      layout_cave_pools, gammafunk_ghost_arena
D:7:      layout_gridville, minmay_temple_entry_grid, nicolae_wooded_promenade

Skill      XL: |  1  2  3  4  5  6  7  8  9 |
---------------+----------------------------+-----
Fighting       | 1 2 3 4 5 7 |  7.0
Dodging        | 2 3 4 5 |  5.4
Unarmed Combat | 4 5 6 7 |  7.0
Shapeshifting  | 4 |  4.1

Action                     |  1- 3 |  4- 6 |  7- 9 || total
---------------------------+-------+-------+-------++-------
  Melee: Unarmed           |    78 |   162 |   211 ||   451
         Bite              |    17 |    55 |    87 ||   159
         Punch             |     2 |     6 |    12 ||    20
  Evoke: Wand              |       |       |     8 ||     8
    Use: Scroll            |       |       |    10 ||    10
   Stab: Sleeping          |     5 |     3 |     1 ||     9
         Distracted        |       |     1 |       ||     1
 Armour: Animal skin       |    31 |    69 |    47 ||   147
         Leather armour    |       |       |    70 ||    70
  Dodge: Dodged            |    37 |    83 |    97 ||   217
         Form:             |     1 |       |     1 ||     2
         Beast             |     1 |       |     1 ||     2

Table legend: (Time is in decaauts)
 A = Elapsed time spent in this place.
 B = Non-inter-level travel time spent in this place.
 C = Inter-level travel time spent in this place.
 D = Time resting spent in this place.
 E = Time spent auto-exploring this place.
 F = Levels seen in this place.
 G = Mean time per level.
                   A        B        C        D        E       F      G
               +--------+--------+--------+--------+--------+-----+--------+
         Total |   5419 |   5275 |    144 |     97 |   3884 |   7 |  774.1 |
       Dungeon |   5419 |   5275 |    144 |     97 |   3884 |   7 |  774.1 |
               +--------+--------+--------+--------+--------+-----+--------+

Top non-repeatable levels by time:
     D:2: 1110 daAuts
     D:4: 993 daAuts
     D:1: 974 daAuts
     D:5: 717 daAuts
     D:6: 657 daAuts
     D:3: 551 daAuts
     D:7: 416 daAuts
